 Dungeon Crawl Stone Soup version 0.28.0-43-g3370ac3207 (webtiles) character file.

Game seed: 1493519615994188246

39428 styxcanada the Unseen (level 13, 0/23 (63) HPs)
             Began as a Spriggan Brigand on Mar 20, 2022.
             Was an Initiate of Gozag.
             Killed from afar by an acid blob (6 damage)
             ... with a splash of acid
             ... on level 6 of the Lair of Beasts on Mar 21, 2022.
             The game lasted 01:59:08 (22097 turns).

styxcanada the Unseen (Spriggan Brigand)           Turns: 22097, Time: 01:59:09

HP:   0/23 (63)     AC: 28    Str: 19    XL:     13   Next: 69%
MP:   24/24         EV: 22    Int: 14    God:    Gozag
Gold: 2434          SH: 11    Dex: 30    Spells: 24/26 levels left

rFire   . . .      SeeInvis +   v - +2 dagger (protect)
rCold   . . .      Faith    .   t - +2 buckler
rNeg    . . .      Spirit   .   i - +6 shadow dragon scales "Sustropru" {rPois Dex+3 Stlth++++}
rPois   +          Reflect  .   q - +2 hat of the Tarantula {rCorr Dex+7}
rElec   .          Harm     +   m - +2 cloak
rCorr   +          Rampage  .   (gloves unavailable)
Will    ++...                   (boots unavailable)
Stlth   ++++++++..              E - amulet "Sidacemn" {Harm +Blink +Inv Regen+}
HPRegen 0.87/turn               M - +6 ring of strength
MPRegen 0.19/turn               r - +6 ring of strength

@: mighty, corroded, under a protective aura, extremely drained, very quick
A: very small, no large weapons, unfitting armour, see invisible, speed 3,
shaggy fur 1, wild magic 1
a: Renounce Religion, Evoke Blink, Evoke Invisibility, Potion Petition, Call
Merchant, Bribe Branch


You were on level 6 of the Lair of Beasts.
You worshipped Gozag.
Gozag was most pleased with you.
You visited 3 branches of the dungeon, and saw 17 of its levels.

You collected 3603 gold pieces.
You spent 351 gold pieces at shops.
You paid 818 gold pieces to Gozag.

Inventory:

Hand Weapons
 h - a +0 hunting sling of freezing
 p - a +0 mace of holy wrath
 v - a +2 dagger of protection (weapon)
Missiles
 c - 55 sling bullets
 e - 5 curare-tipped darts
 A - 51 poisoned darts (quivered)
Armour
 i - the +6 shadow dragon scales "Sustropru" (worn) {rPois Dex+3 Stlth++++}
   (You acquired it on level 4 of the Dungeon)

   Dex:       It affects your dexterity (+3).
   rPois:     It protects you from poison.
   Stlth:     It makes you much more stealthy.
 m - a +2 cloak (worn)
 q - the +2 hat of the Tarantula (worn) {rCorr Dex+7}
   (You acquired it on level 7 of the Dungeon)

   Dex:       It affects your dexterity (+7).
   rCorr:     It protects you from acid and corrosion.
 t - a +2 buckler (worn)
Jewellery
 d - a ring of positive energy
 r - a +6 ring of strength (right hand)
 y - a +6 ring of intelligence
 E - the amulet "Sidacemn" (around neck) {Harm +Blink +Inv Regen+}
   (You took it off an orc wizard on level 8 of the Dungeon)

   [amulet of regeneration]

   +Inv:      It lets you turn invisible.
   +Blink:    It lets you blink.
   Regen:     It increases your rate of health regeneration.
   Harm:      It increases damage dealt and taken.
 K - a ring of flight
 M - a +6 ring of strength (left hand)
 Q - a ring of resist corrosion
 R - an amulet of reflection
Wands
 f - a wand of digging (8)
 w - a wand of acid (5)
 z - a wand of polymorph (4)
 D - a wand of flame (11)
 N - a wand of mindburst (8)
Scrolls
 j - 4 scrolls of teleportation
 s - 3 scrolls of amnesia
 B - 4 scrolls of fog
 F - 2 scrolls of fear
 H - 2 scrolls of identify
 O - a scroll of brand weapon
 P - 5 scrolls of immolation
Potions
 a - 3 potions of brilliance
 b - a potion of might
 k - a potion of heal wounds
 l - a potion of lignification
 n - 13 potions of ambrosia
 o - a potion of flight
 u - 2 potions of mutation
 x - 2 potions of berserk rage
 C - a potion of cancellation
 G - 2 potions of haste
 I - 2 potions of curing
 J - a potion of invisibility
Miscellaneous
 g - a box of beasts (inert)


   Skills:
 + Level 5.3 Fighting
 + Level 8.0 Short Blades
 + Level 1.4 Maces & Flails
 + Level 3.3(6.3) Slings
 + Level 7.0(7.2) Throwing
 * Level 6.9 Armour
 * Level 10.9 Dodging
 * Level 16.8 Stealth
 * Level 3.9 Shields
 * Level 7.2 Spellcasting
 * Level 4.8 Air Magic
 * Level 5.3 Poison Magic
 * Level 9.6 Evocations


You had 24 spell levels left.
You knew the following spells:

 Your Spells              Type           Power      Damage    Failure   Level
a - Poisonous Vapours     Pois/Air       50%        N/A       52%         2

Your spell library contained the following spells:

 Spells                   Type           Power      Damage    Failure   Level
 Corpse Rot               Necr/Air       30%        N/A       87%         2
 Mephitic Cloud           Conj/Pois/Air  18%        N/A       92%         3
 Animate Skeleton         Necr           12%        N/A       97%         1
 Apportation              Tloc           12%        N/A       97%         1
 Summon Small Mammal      Summ           24%        N/A       97%         1
 Ignite Poison            Fire/Tmut/Pois 12%        N/A       99%         3
 Animate Dead             Necr           3%         N/A       100%        4
 Freezing Cloud           Conj/Ice/Air   6%         6-21      100%        5
 Haunt                    Necr/Summ      3%         N/A       100%        7
 Infestation              Necr           3%         N/A       100%        8


Dungeon Overview and Level Annotations

Branches:
Dungeon (10/15)            Temple (1/1) D:5            Lair (6/6) D:10
  Swamp (0/4) Lair:4       Spider (0/4) Lair:2        Slime (0/5) Lair:5
    Orc: D:9-12

Altars:
Ashenzari
Dithmenos
Elyvilon
Gozag
Hepliaklqana
Kikubaaqudgha
Makhleb
Nemelex Xobeh
Okawaru
Qazlal
Ru
Sif Muna
Trog
Uskayaw
Vehumet
Wu Jian
Xom
Yredelemnul
The Shining One
Jiyva

Shops:
D:4 !   D:10 *   Lair:1 =

Annotations:
Lair:6 Comi's ghost, journeyman TeBe


Innate Abilities, Weirdness & Mutations

You are very small and have problems with some larger weapons.
You are too small for most types of armour.
You have supernaturally acute eyesight. (SInv)
You cover ground extremely quickly. (Speed+++)
You are covered in fur. (AC +1)
Your spells are a little harder to cast, but a little more powerful.


Message History

You closely miss Comi's ghost.
Comi's ghost is heavily damaged.
Comi's ghost hits you but does no damage.
You closely miss Comi's ghost.
Comi's ghost is heavily damaged.
You miss Comi's ghost.
Comi's ghost is heavily damaged.
Comi's ghost closely misses you.
You hit Comi's ghost.
Comi's ghost is heavily damaged.
Comi's ghost hits you but does no damage.
You hit Comi's ghost.
Comi's ghost is heavily damaged.
The acid blob quivers.
You puncture Comi's ghost!
Comi's ghost is severely damaged.
The acid blob spits acid at you.
The splash of acid hits you but does no damage.
You resist. The acid corrodes you! Comi's ghost hits you!
You closely miss Comi's ghost.
Comi's ghost is severely damaged.
The acid blob spits acid at you. The splash of acid hits you. You resist.
Comi's ghost says very slowly, "There's no hope."
Comi's ghost hits you but does no damage.
You miss Comi's ghost.
Comi's ghost is severely damaged.
Comi's ghost whispers, "Death is liberation."
Comi's ghost hits you.
You hit Comi's ghost.
Comi's ghost is severely damaged.
The acid blob spits acid at you. The splash of acid hits you. You resist.
* * * LOW HITPOINT WARNING * * *
Comi's ghost completely misses you.
Found 13 gold pieces.
The acid blob spits acid at you. The splash of acid hits you. You resist.
You die...
Your body crumbles into a pile of gold.

$ ...#.$........# ...............
...#........... .... ....
.....P.......... ..#.
..P.....<.................. .#..#
.......................#.........
.PP.....#....................#..#
.PP.............@.P..#......P#.#.
.....................#.........##
.#..........#..W.#.....J........#
..#............................#.
J#.........(...........P.....#...
.W.................#....PJJ......
......................P........P.
....#.....J....#...#...........##
....#.........P........P........J


You could see 2 acid blobs and Comi's ghost.

Vanquished Creatures
  Nessos (Lair:4)
  A boulder beetle (D:10)
  4 hydras
  A centaur warrior (D:10)
  3 two-headed ogres
  3 death yaks (Lair:3)
  A fire crab (Lair:6)
  A bog body (Lair:4)
  2 lindwurms
  Pikel (D:4)
  A deep elf pyromancer (D:10)
  6 elephants (Lair:4)
  3 black mambas
  A gargoyle (D:10)
  12 cane toads
  10 komodo dragons
  An unseen horror (D:8)
  A queen bee (D:9)
  5 polar bears
  24 blink frogs
  Grinder (D:4)
  Sigmund (D:5)
  A basilisk (Lair:6)
  4 wyverns
  34 yaks
  A steam dragon (D:9)
  3 redbacks (Lair:2)
  4 swamp worms (Lair:4)
  18 water moccasins
  An ice beast (D:5)
  2 black bears
  3 orc warriors
  An ogre (D:4)
  8 wolves
  4 centaurs
  A phantom (D:7)
  3 kobold brigands
  10 bullfrogs
  A gnoll sergeant (D:9)
  2 water moccasin zombies (D:5)
  25 killer bees (D:9)
  An electric eel (Lair:4)
  2 centaur zombies
  Crazy Yiuf (D:4)
  A bullfrog skeleton (D:5)
  4 orc priests
  4 hounds
  2 iguanas
  10 orc wizards
  9 hell rats (Lair:5)
  A scorpion zombie (D:5)
  A hound zombie (D:5)
  6 adders
  4 gnolls
  An ufetubus (D:7)
  An adder skeleton (D:4)
  17 orcs
  3 endoplasms
  2 giant cockroaches
  4 goblins
  4 hobgoblins
  3 quokkas
  6 ball pythons
  8 bats
  2 frilled lizards
  14 kobolds
  2 rats (D:3)
  A spectral goblin (D:10)
324 creatures vanquished.

Vanquished Creatures (others)
  A bush (D:4)
  23 fungi
  30 plants
54 creatures vanquished.

Grand Total: 378 creatures vanquished

Notes
Turn   | Place    | Note
-------+----------+-------------------------------------------
     0 | D:1      | styxcanada the Spriggan Brigand began the quest for the
                  | Orb.
     0 | D:1      | Reached XP level 1. HP: 10/10 MP: 2/2
   142 | D:1      | Reached skill level 6 in Stealth
   385 | D:1      | Reached XP level 2. HP: 12/15 MP: 3/3
  1051 | D:2      | Reached XP level 3. HP: 9/18 MP: 4/4
  1917 | D:3      | Reached skill level 7 in Stealth
  2165 | D:3      | Found a faded altar of an unknown god.
  2410 | D:3      | Reached XP level 4. HP: 2/23 MP: 5/5
  2769 | D:4      | Noticed an ogre
  3457 | D:4      | Noticed Grinder
  3652 | D:4      | Found Macamp's Distillery.
  3665 | D:4      | Reached skill level 8 in Stealth
  3665 | D:4      | Reached XP level 5. HP: 14/26 MP: 6/6
  3948 | D:4      | Noticed a lemure
  3949 | D:4      | Noticed a lemure
  3950 | D:4      | Noticed Pikel
  3974 | D:4      | Noticed a lemure
  3976 | D:4      | Noticed a lemure
  4138 | D:4      | Killed an ogre
  4179 | D:4      | Paralysed by Grinder for 7 turns
  4195 | D:4      | Killed Grinder
  4196 | D:4      | Reached skill level 1 in Slings
  4196 | D:4      | Reached XP level 6. HP: 32/32 MP: 7/7
  4466 | D:4      | Identified a scroll of acquirement
  4467 | D:4      | Acquired the +6 shadow dragon scales "Sustropru" {rPois
                  | Dex+3 Stlth++++}
  4492 | D:4      | Found a runed translucent door.
  4493 | D:4      | Noticed Crazy Yiuf
  4531 | D:4      | Killed Crazy Yiuf
  4708 | D:4      | Killed Pikel
  4709 | D:4      | Reached skill level 1 in Armour
  4709 | D:4      | Reached skill level 5 in Dodging
  4709 | D:4      | Reached skill level 9 in Stealth
  4709 | D:4      | Reached XP level 7. HP: 13/36 MP: 8/8
  5183 | D:4      | Found an ornate altar of the Wu Jian Council.
  5232 | D:5      | Entered Level 5 of the Dungeon
  5253 | D:5      | Found a staircase to the Ecumenical Temple.
  5280 | Temple   | Entered the Ecumenical Temple
  5306 | Temple   | Became a worshipper of Gozag Ym Sagoz the Greedy
  5388 | D:5      | Reached XP level 8. HP: 25/40 MP: 9/9
  5523 | D:5      | Noticed Sigmund
  5543 | D:5      | Killed Sigmund
  5544 | D:5      | Reached skill level 1 in Evocations
  6210 | D:5      | Reached skill level 1 in Maces & Flails
  7128 | D:5      | Reached skill level 10 in Stealth
  7796 | D:6      | Found a glowing golden altar of the Shining One.
  7875 | D:6      | Reached XP level 9. HP: 34/45 MP: 10/10
  8624 | D:7      | Reached skill level 5 in Short Blades
  9339 | D:7      | Acquired the +2 hat of the Tarantula {rCorr Dex+7}
  9929 | D:8      | Noticed an unseen horror
  9966 | D:8      | Killed an unseen horror
 10255 | D:8      | Identified the amulet "Sidacemn" {Harm +Blink +Inv Regen+}
 10272 | D:8      | Noticed a two-headed ogre
 10284 | D:8      | Killed a two-headed ogre
 10285 | D:8      | Reached skill level 5 in Throwing
 10285 | D:8      | Reached skill level 11 in Stealth
 10285 | D:8      | Reached skill level 5 in Evocations
 10349 | D:8      | Reached XP level 10. HP: 23/50 MP: 11/11
 10689 | D:8      | Found a radiant altar of Vehumet.
 10689 | D:8      | Found a bloodstained altar of Trog.
 10694 | D:8      | Found a faded altar of an unknown god.
 10696 | D:8      | Found a faded altar of an unknown god.
 10697 | D:8      | Found a sacrificial altar of Ru.
 11107 | D:9      | Reached skill level 1 in Spellcasting
 11666 | D:9      | Learned a level 2 spell: Poisonous Vapours
 11807 | D:9      | Noticed a two-headed ogre
 11809 | D:9      | Killed a two-headed ogre
 11810 | D:9      | Reached skill level 5 in Armour
 11892 | D:9      | Reached skill level 1 in Air Magic
 12064 | D:9      | Reached skill level 1 in Poison Magic
 12840 | D:10     | Entered Level 10 of the Dungeon
 12856 | D:10     | Found a staircase to the Lair.
 12901 | D:10     | Noticed a centaur warrior
 12914 | D:10     | Killed a centaur warrior
 12915 | D:10     | Reached skill level 12 in Stealth
 12915 | D:10     | Reached XP level 11. HP: 33/54 MP: 17/17
 13144 | D:10     | Found Butuwoy's Lightly-Used Armoury.
 13169 | D:10     | Noticed a boulder beetle
 13171 | D:10     | Killed a boulder beetle
 13176 | D:10     | Noticed a two-headed ogre
 13228 | D:10     | Killed a two-headed ogre
 13305 | D:10     | Noticed a deep elf pyromancer
 13315 | D:10     | Killed a deep elf pyromancer
 13499 | D:10     | Found a white marble altar of Elyvilon.
 13635 | D:10     | Found a hazy altar of Hepliaklqana.
 13804 | Lair:1   | Entered Level 1 of the Lair of Beasts
 13853 | Lair:1   | HP: 2/54 [black mamba (15)]
 14099 | D:4      | Bought a potion of mutation for 104 gold pieces
 14099 | D:4      | Bought a potion of curing for 39 gold pieces
 14099 | D:4      | Bought a potion of berserk rage for 65 gold pieces
 14099 | D:4      | Bought a potion of curing for 39 gold pieces
 14099 | D:4      | Bought a potion of invisibility for 104 gold pieces
 14099 | D:4      | Gained mutation: You are covered in fur. (AC +1) [potion of
                  | mutation]
 14099 | D:4      | Gained mutation: Your spells are a little harder to cast,
                  | but a little more powerful. [potion of mutation]
 15204 | Lair:1   | Reached skill level 13 in Stealth
 15450 | Lair:2   | Found a hole to the Spider Nest.
 16167 | Lair:2   | Reached skill level 5 in Fighting
 16339 | Lair:3   | Reached skill level 5 in Spellcasting
 16339 | Lair:3   | Reached XP level 12. HP: 60/60 MP: 20/20
 16638 | Lair:3   | Noticed an eight-headed hydra
 16670 | Lair:3   | Killed an eight-headed hydra
 16733 | Lair:3   | Reached skill level 1 in Shields
 16871 | Lair:3   | Noticed a death yak
 16872 | Lair:3   | Noticed a death yak
 16872 | Lair:3   | Noticed a death yak
 16892 | Lair:3   | Killed a death yak
 16893 | Lair:3   | Reached skill level 10 in Dodging
 16893 | Lair:3   | Reached skill level 14 in Stealth
 16902 | Lair:3   | Killed a death yak
 16905 | Lair:3   | Killed a death yak
 17153 | Lair:3   | Noticed a five-headed hydra
 17230 | Lair:3   | Killed a five-headed hydra
 17231 | Lair:3   | Reached skill level 15 in Stealth
 17701 | Lair:4   | Noticed Nessos
 17789 | Lair:4   | Killed Nessos
 18063 | Lair:4   | Reached skill level 5 in Poison Magic
 18134 | Lair:4   | Noticed a five-headed hydra
 18186 | Lair:4   | Reached XP level 13. HP: 63/63 MP: 23/23
 19593 | Lair:4   | Found a staircase to the Swamp.
 19996 | Lair:5   | Reached skill level 16 in Stealth
 20603 | Lair:5   | Found a staircase to the Slime Pits.
 20604 | Lair:5   | Found a viscous altar of Jiyva.
 21124 | Lair:6   | Entered Level 6 of the Lair of Beasts
 21715 | Lair:6   | Found a runed translucent gate.
 21717 | Lair:6   | Found a runed translucent gate.
 21717 | Lair:6   | Noticed an azure jelly
 21719 | Lair:6   | Found a runed translucent gate.
 21720 | Lair:6   | Noticed an acid blob
 21722 | Lair:6   | Found a viscous altar of Jiyva.
 21722 | Lair:6   | Noticed an azure jelly
 21722 | Lair:6   | Noticed an acid blob
 21722 | Lair:6   | Noticed an acid blob
 21722 | Lair:6   | Noticed Comi's ghost (journeyman TeBe)
 21722 | Lair:6   | Noticed an azure jelly
 21722 | Lair:6   | Noticed an azure jelly
 21722 | Lair:6   | Noticed an acid blob
 21722 | Lair:6   | Noticed an azure jelly
 21776 | Lair:6   | HP: 2/41 [acid blob/splash of acid (4)]
 22097 | Lair:6   | Killed from afar by an acid blob

Illustrated notes

Levels and vault maps discovered:
D:1:      co_arrival_square_in_a_square_in_a_square, layout_rooms, minivault_14,
          chequers_arboretum
D:2:      layout_basic, serial_glass, glass_columns_a, glass_columns_b,
          nicolae_concentric_dashed_squares_wild, minivault_23
D:3:      layout_basic, shapermc_ecumenical_altar_starsandcircs
D:4:      layout_rooms, pdpol_wu_jian_five_deadly_venoms, serial_forest,
          infiniplex_forest_clump_long, infiniplex_forest_lined_room_3,
          infiniplex_forest_zigzag_1, infiniplex_forest_end_double,
          infiniplex_forest_corner_1, infiniplex_forest_straight_4,
          infiniplex_forest_lined_corner, infiniplex_forest_straight_2,
          serial_shops, nicolae_stop_n_shop_2, uniq_pikel,
          uniq_crazy_yiuf_cottage, uniq_grinder
D:5:      kennysheep_big_flooded_room, layout_cave_pods,
          minmay_temple_entry_statues, kennysheep_donut, sigmund_army
D:6:      layout_basic, tso_metal_star
D:7:      layout_basic
D:8:      layout_rooms, chequers_temple_overflow_minitemple
D:9:      layout_basic, special_room [special_room_bee]
D:10:     layout_cave_pools, nicolae_elyvilon_peaceful_grove,
          nicolae_hepliaklqana_monster_ancestors, david_lair_shrubbed,
          serial_column_ruins, column_ruins_hut_water, column_ruins_hut,
          column_ruins_open_tiny, column_ruins_corridor_water,
          column_ruins_open_medium_water, minmay_shop_damaged
Temple:   eino_wide_crystal_templ
Lair:1:   layout_regular_city
Lair:2:   layout_chaotic_city, spider_nest_entry_webs
Lair:3:   layout_chaotic_city, grunt_megastairs_1, lemuel_fruit_fields,
          infiniplex_staircase_pool_2
Lair:4:   layout_layer_cave, nicolae_swamp_entry_splash_gauntlet, uniq_nessos
Lair:5:   layout_hall_layers, slime_altar_1, grunt_megastairs_2
Lair:6:   guppyfry_lair_end_dragon, layout_long_grid, hangedman_lair_in_review,
          gammafunk_ghost_ooze, infiniplex_staircase_pool, serial_bayou_shore_b

Skill      XL: |  1  2  3  4  5  6  7  8  9 10 11 12 13 |
---------------+----------------------------------------+-----
Stealth        | 6 7 8 9 10 11 12 13 15 16 | 16.8
Dodging        | 2 4 5 6 7 8 9 10 | 10.9
Fighting       | 2 3 4 5 |  5.3
Short Blades   | 3 4 5 6 7 8 |  8.0
Slings         | 1 2 3 |  3.3
Throwing       | 3 4 5 6 7 |  7.0
Armour         | 1 2 4 5 6 |  6.9
Evocations     | 3 5 6 7 8 9 |  9.6
Maces & Flails | 1 |  1.4
Spellcasting   | 3 5 6 7 |  7.2
Air Magic      | 2 3 4 |  4.8
Poison Magic   | 1 3 5 |  5.3
Shields        | 1 3 |  3.9

Action                   |  1- 3 |  4- 6 |  7- 9 | 10-12 | 13-15 || total
-------------------------+-------+-------+-------+-------+-------++-------
Melee: Dagger            |    94 |    97 |   357 |  1533 |   826 ||  2907
       Punch             |     2 |     1 |     8 |    34 |       ||    45
       Mace              |       |       |    69 |     2 |       ||    71
 Fire: Hunting sling     |       |    12 |       |    24 |    28 ||    64
Throw: Dart              |    16 |    37 |    66 |   123 |    57 ||   299
       Stone             |       |     3 |     2 |     1 |       ||     6
Invok: Call Merchant     |       |       |       |     1 |       ||     1
 Abil: Evoke Blink       |       |       |       |     1 |       ||     1
       Evoke Invisibilit |       |       |       |     4 |     5 ||     9
Evoke: Wand              |       |       |     6 |    14 |     3 ||    23
       Box of beasts     |       |       |       |     1 |     1 ||     2
  Use: Potion            |     1 |     4 |       |     4 |     3 ||    12
       Scroll            |       |     4 |    10 |     7 |     2 ||    23
 Stab: Sleeping          |    13 |     1 |    11 |    29 |    11 ||    65
       Distracted        |       |       |     1 |    14 |    14 ||    29
       Invisible         |       |       |       |    25 |    21 ||    46
Armor: Robe              |    10 |     6 |       |       |       ||    16
       Skin              |       |     4 |       |       |       ||     4
       Shadow dragon sca |       |     7 |   324 |   892 |   237 ||  1460
Dodge: Dodged            |    71 |    70 |   163 |   770 |   680 ||  1754
Block: Buckler           |       |       |       |    79 |   503 ||   582
